AoeStats
← RDA Ronan

MegaRandom

505043738Analyzed
4v4 RM · 24d ago on Sep 7, 2026· 46m 55s· 8 players
Game mode
Random Map
Map size
Large (8 player)
Population
200
Speed
Normal
Resources
Standard
Victory
Conquest
Starting age
Dark Age
Ending age
Imperial Age
RankedLock teamsTeams togetherTeam positionsShared explorationLock speedFull tech treeHidden civsTurbo modeCheats
Victory
Defeat
🇨🇳 Ethiopians · China
1214
+17
🇦🇷 Slavs · Argentina
1203
+17
🇬🇧 Maya · United Kingdom
1177
+18
🇷🇴 Italians · Romania
1133
+20
🇦🇷 Bohemians · Argentina
1239
-19
🇦🇷 Celts · Argentina
1230
-18
🇦🇷 Dravidians · Argentina
1218
-18
🇪🇸 Gurjaras · Spain
1203
-17
BIGBALZIE
0:36 Loom
12:42 Feudal Age
16:25 Castle Age
14:51 Double-Bit Axe
15:39 Stone Mining
17:37 Bow Saw
23:21 Fletching
24:05 Padded Archer Armor
25:49 Leather Archer Armor
26:27 Ballistics
28:12 Bodkin Arrow
30:10 Wheelbarrow
36:12 Imperial Age
40:03 Conscription
40:17 Bracer
40:48 Ring Archer Armor
43:04 Elite Plumed Archer
44:14 Hand Cart
43:48 Town Watch
46:15 Town Patrol
Sageata
12:31 Feudal Age
11:40 Loom
14:02 Double-Bit Axe
17:51 Castle Age
16:03 Scale Barding Armor
15:46 Horse Collar
19:56 Medium Warships
20:12 Bow Saw
21:41 Forging
23:21 Heavy Plow
25:27 Bloodlines
25:51 Fletching
26:56 Bodkin Arrow
27:23 Chain Barding Armor
27:59 Wheelbarrow
29:21 Iron Casting
29:22 Padded Archer Armor
30:25 Hand Cart
30:57 Gold Mining
30:58 Stone Mining
35:16 Imperial Age
33:09 Leather Archer Armor
34:35 Silk Road
34:37 Town Watch
36:01 Ballistics
36:00 Bracer
37:04 Chemistry
35:28 Elite Genoese Crossbowman
37:21 Squires
39:13 Plate Barding Armor
39:09 Ring Archer Armor
39:40 Blast Furnace
38:04 Cavalier
38:45 Husbandry
43:21 Stone Shaft Mining
45:55 Pikeman
46:21 Arson
45:57 Man-at-Arms
46:39 Scale Mail Armor
46:55 Masonry
46:10 Light Cavalry
47:13 Conscription
47:06 Pirotechnia
46:39 Treadmill Crane
47:50 Chain Mail Armor
Hakka
2:20 Loom
11:08 Feudal Age
11:46 Town Watch
11:48 Double-Bit Axe
18:11 Castle Age
17:13 Padded Archer Armor
17:18 Horse Collar
18:18 Crossbowman
20:06 Fletching
21:23 Heavy Plow
37:06 Imperial Age
38:13 Gold Mining
38:23 Bodkin Arrow
38:45 Scale Mail Armor
39:43 Bracer
40:36 Conscription
40:29 Forging
40:53 Squires
41:53 Chain Mail Armor
41:58 Bow Saw
43:03 Leather Archer Armor
43:19 Plate Mail Armor
43:25 Iron Casting
44:07 Elite Shotel Warrior
el maldito asfalto
7:42 Loom
9:56 Feudal Age
12:04 Double-Bit Axe
17:40 Bloodlines
21:08 Scale Barding Armor
22:42 Wheelbarrow
25:48 Castle Age
24:14 Forging
25:40 Town Watch
25:55 Light Cavalry
26:35 Husbandry
26:57 Chain Barding Armor
37:08 Horse Collar
38:08 Heavy Plow
38:24 Bow Saw
40:14 Hand Cart
43:19 Imperial Age
42:12 Iron Casting
42:01 Gold Mining
43:28 Onager
45:04 Plate Barding Armor
45:29 Blast Furnace
43:51 Elite Boyar
44:52 Conscription
RDA | Karnage
11:11 Feudal Age
11:23 Loom
17:05 Castle Age
16:09 Forging
18:04 Bloodlines
20:33 Scale Barding Armor
26:52 Chain Barding Armor
37:54 Husbandry
38:36 Iron Casting
RDA | Damiii el TORO
8:11 Loom
10:25 Feudal Age
10:57 Double-Bit Axe
15:08 Horse Collar
21:48 Castle Age
20:18 Scale Barding Armor
23:02 Husbandry
23:18 Bow Saw
23:50 Gold Mining
27:15 Chain Barding Armor
29:37 Wheelbarrow
32:50 Hand Cart
32:31 Town Watch
34:04 Stronghold
39:22 Imperial Age
39:08 Gold Shaft Mining
40:18 Heavy Scorpion
41:31 Masonry
41:55 Pikeman
43:35 Ballistics
RDA Infernus
10:24 Feudal Age
11:55 Loom
15:18 Castle Age
14:10 Double-Bit Axe
17:14 Wheelbarrow
16:43 Fletching
17:37 Medium Warships
24:37 Bodkin Arrow
25:51 Hand Cart
31:21 Town Watch
35:59 Horse Collar
40:13 Imperial Age
38:17 Wagenburg Tactics
39:24 Scale Mail Armor
39:36 Forging
39:54 Town Patrol
39:20 Pikeman
40:29 Heavy Plow
40:37 Squires
41:38 Fervor
41:49 Halberdier
43:37 Conscription
RDA Ronan
5:08 Loom
9:12 Feudal Age
9:44 Double-Bit Axe
13:28 Horse Collar
21:06 Fletching
24:40 Castle Age
23:18 Scale Mail Armor
25:11 Fletching
39:42 Imperial Age
38:37 Wheelbarrow
38:16 Gold Mining
38:10 Elite Skirmisher
38:46 Bodkin Arrow
40:06 Bow Saw
40:08 Stone Mining
40:31 Bracer
40:34 Padded Archer Armor
42:01 Chemistry
41:29 Town Watch
42:27 Leather Archer Armor
42:43 Thumb Ring
44:01 Ring Archer Armor
44:22 Heavy Plow
Connection lost

Rejoining the realm…

Still unreachable

The connection could not be restored.

Session expired

The server has moved on; the page needs a fresh start.